 Dungeon Crawl Stone Soup version 0.27-a0-46-g34d46f0a3f (webtiles) character file.

Game seed: 8374033176564434906

10721 Borgoz the Grappler (level 11, -6/99 HPs)
             Began as a Ghoul Gladiator on Jan 6, 2021.
             Was a High Priest of Okawaru.
             Killed from afar by a frost giant (23 damage)
             ... with a bolt of cold
             ... on level 10 of the Dungeon.
             The game lasted 00:15:43 (10184 turns).

Borgoz the Grappler (Ghoul Gladiator)              Turns: 10184, Time: 00:15:43

Health: -6/99      AC: 15    Str: 20    XL:     11   Next: 66%
Magic:  13/13      EV: 21    Int:  9    God:    Okawaru [*****.]
Gold:   609        SH:  0    Dex: 12    Spells: 10/10 levels left

rFire    . . .     SeeInvis +     - Unarmed
rCold    + . .     Faith    .   (no shield)
rNeg     + + +     Spirit   .   q - +1 steam dragon scales of Love and Death {Int+6} (curse)
rPois    ∞         Reflect  .   n - +0 helmet of the Barber Surgeon {Str+2} (curse)
rElec    .         Harm     .   e - +0 cloak of Crawling {rN+++ rCorr Str-2 SInv}
rCorr    +         Rampage  .   (no gloves)
Will     .....                  p - +0 pair of boots
Stlth    +.........             (no amulet)
HPRegen  0.00/turn              d - +4 ring of evasion
MPRegen  0.13/turn              k - +4 ring of protection

@: about to teleport, studying Armour
A: claws 1, cold resistance 1, negative energy resistance 3, inhibited
regeneration, torment resistance, unbreathing
a: Renounce Religion, Heroism, Finesse


You were on level 10 of the Dungeon.
You worshipped Okawaru.
Okawaru was extremely pleased with you.
You visited 2 branches of the dungeon, and saw 12 of its levels.
You also visited: Sewer and Bailey.

You collected 657 gold pieces.
You spent 48 gold pieces at shops.

Inventory:

Missiles
 c - 8 throwing nets (quivered)
 v - 13 boomerangs
 G - 13 curare-tipped darts
Armour
 e - the +0 cloak of Crawling (worn) {rN+++ rCorr Str-2 SInv}
   (You found it on level 5 of the Dungeon)

   It affects your strength (-2).
   It renders you almost immune to negative energy.
   It lets you see invisible.
   It provides partial protection from all sources of acid and corrosion.
 n - the cursed +0 helmet of the Barber Surgeon (worn) {Str+2}
   (You found it in a sewer)

   It affects your strength (+2).
   It has a curse placed upon it.
 p - a +0 pair of boots (worn)
 q - the cursed +1 steam dragon scales of Love and Death (worn) {Int+6}
   (You found it on level 5 of the Dungeon)

   It affects your intelligence (+6).
   It has a curse placed upon it.
Jewellery
 b - an uncursed ring of willpower
 d - a +4 ring of evasion (left claw)
 f - an uncursed ring of protection from fire
 h - an uncursed ring of protection from fire
 k - a +4 ring of protection (right claw)
 u - an uncursed ring of magical power
Wands
 r - a wand of random effects (10)
 t - a wand of paralysis (12)
 A - a wand of acid (14)
Scrolls
 a - 3 scrolls of enchant weapon
 g - a scroll of enchant armour
 j - 4 scrolls of identify
 l - 2 scrolls of fog
 m - 5 scrolls of teleportation
 s - 3 scrolls of amnesia
 y - 4 scrolls of remove curse
 B - a scroll of fear
 E - a scroll of silence
Potions
 i - 2 potions of cancellation
 o - a potion of brilliance
 w - 2 potions of curing
 x - a potion of heal wounds
 z - 3 potions of flight
 C - a potion of might
 D - a potion of haste
 F - 3 potions of degeneration {unknown}
Books
 H - a manual of Armour


   Skills:
 + Level 9.6 Fighting
 - Level 1.7 Throwing
 + Level 7.2 Armour
 + Level 9.0 Dodging
 + Level 10.7 Unarmed Combat
 - Level 5.0 Invocations


You had 10 spell levels left.
You didn't know any spells.
Your spell library was empty.

Dungeon Overview and Level Annotations

Branches:
Dungeon (11/15)            Temple (1/1) D:6            Lair (0/6) D:9
    Orc (0/2) D:9           Sewer (visited)          Bailey (visited)

Altars:
Ashenzari
Cheibriados
Dithmenos
Elyvilon
Fedhas
Gozag
Hepliaklqana
Kikubaaqudgha
Makhleb
Nemelex Xobeh
Okawaru
Qazlal
Ru
Sif Muna
Trog
Uskayaw
Vehumet
Wu Jian
Xom
Yredelemnul
Zin
The Shining One

Shops:
D:5 *   D:9 }

Annotations:
D:10 1 transporter


Innate Abilities, Weirdness & Mutations

You thrive by killing the living.
You are immune to poison.
You have sharp fingernails.
Your flesh is cold resistant. (rC+)
You are immune to negative energy. (rN+++)
You do not regenerate when monsters are visible.
You are immune to unholy pain and torment.
You can survive without breathing.


Message History

The ice beast hits you.
* * * LOW HITPOINT WARNING * * *
The ice beast freezes you. You resist.
* * * LOW HITPOINT WARNING * * *
You see here a wand of disintegration (10).
As you read the scroll of teleportation, it crumbles to dust.
You feel strangely unstable.
The frost giant gestures at you while chanting.
The bolt of cold misses the ice beast.
The bolt of cold hits you! You resist.
* * * LOW HITPOINT WARNING * * *
The ice beast barely misses you.
Your surroundings suddenly seem different.
As you read the scroll of teleportation, it crumbles to dust.
You feel strangely unstable.
The frost giant points at you and mumbles some strange words.
The bolt of cold misses you.
You feel better.
The frost giant gestures at you while chanting.
The bolt of cold hits you!! You resist.
You die...

##...†........)))...#......
##..#####...####...#.#......
#..##..W#####..###...#......
#.##...........#8##..######.
#.#...#..#..#..#..#..# #.
#.#..###.#.###.'..#..#######
#.#...#..#..#..#}.#......###
#)##...........####.######≈≈
###..#..#.(#.@#..#..8.##...#≈≈
#...©#©.#.###.#..#©......###≈≈
####.#..#..#..#.Y#..#..8.#### #≈.
#......##.(...C.....####.######≈.
#.###..#...#.†#..#..#(K#......#≈≈
#.###..#..###/#.###.'.K#[######≈≈
#.#....#...#..#..#..#==#.# #.#≈≈
#.#.#..##...........#8##.# #.###
#.#.#...##...#####©.###..# #...#


You could see a frost giant and an ice beast.

Vanquished Creatures
  An orc knight (Bailey)
  A cyclops (D:10)
  The ghost of bmj180 the Conjurer, a novice DrCj (D:4)
  2 gargoyles
  Maggie (D:6)
  A freezing wraith (D:10)
  A wyvern (D:9)
  3 yaks (D:9)
  A soldier ant (D:10)
  Purgy (Sewer)
  8 orc warriors
  4 black bears
  5 ogres
  2 phantoms
  2 ice beasts
  A sky beast (D:5)
  3 necrophages (D:8)
  4 centaurs
  A big kobold (D:9)
  4 bullfrogs
  2 wyvern zombies (D:9)
  4 scorpions
  15 killer bees
  17 wights
  5 howler monkeys
  A bullfrog zombie (D:11)
  3 centaur zombies
  9 hounds
  3 orc priests
  4 centaur skeletons
  A jelly (D:10)
  2 gnoll shamans (D:9)
  A bullfrog skeleton (D:10)
  8 orc wizards
  3 iguanas
  5 worker ants
  A hound zombie (D:9)
  3 hound skeletons
  2 mummies (D:8)
  A howler monkey zombie (D:8)
  3 worker ant zombies
  27 gnolls
  A howler monkey skeleton (D:9)
  16 adders
  3 white imps
  4 ufetubi
  An adder zombie (D:7)
  2 adder skeletons
  2 worms
  3 dart slugs
  5 leopard geckos
  38 orcs
  4 ball pythons
  4 bats
  A bat zombie (D:3)
  7 giant cockroaches
  16 goblins
  8 hobgoblins
  3 jackals (D:9)
  7 quokkas
  6 frilled lizards
  A jackal skeleton (D:8)
  33 kobolds
  A leopard gecko skeleton (D:4)
  A quokka zombie (D:10)
  8 rats
342 creatures vanquished.

Vanquished Creatures (others)
  A jackal (D:9)
  6 plants (D:4)
  2 withered plants (D:8)
9 creatures vanquished.

Grand Total: 351 creatures vanquished

Notes
Turn   | Place    | Note
-------+----------+-------------------------------------------
     0 | D:1      | Borgoz the Ghoul Gladiator began the quest for the Orb.
     0 | D:1      | Reached XP level 1. HP: 17/17 MP: 0/0
    95 | D:1      | Reached XP level 2. HP: 25/25 MP: 1/1
   330 | D:1      | Reached XP level 3. HP: 29/30 MP: 2/2
   819 | D:2      | Noticed an ogre
   835 | D:2      | Killed an ogre
   836 | D:2      | Reached skill level 4 in Unarmed Combat
   836 | D:2      | Reached XP level 4. HP: 11/38 MP: 3/3
   836 | D:2      | Reached XP level 5. HP: 13/45 MP: 4/4
  1562 | D:2      | Reached skill level 5 in Unarmed Combat
  1937 | D:3      | Reached XP level 6. HP: 51/51 MP: 5/5
  2033 | D:3      | Found an ancient bone altar of Kikubaaqudgha.
  2179 | D:3      | Found a glowing drain.
  2189 | Sewer    | Entered a sewer
  2238 | Sewer    | Got a jewelled helmet
  2249 | Sewer    | Identified the cursed +0 helmet of the Barber Surgeon
                  | {Str+2} (You found it in a sewer)
  2308 | Sewer    | Noticed Purgy
  2318 | Sewer    | Killed Purgy
  2917 | D:4      | Found a bloodstained altar of Trog.
  2982 | D:4      | Found a transporter.
  2990 | D:4      | Found a transporter.
  2990 | D:4      | Noticed bmj180's ghost (novice DrCj)
  3016 | D:4      | Reached XP level 7. HP: 58/58 MP: 6/6
  3308 | D:4      | Reached skill level 5 in Dodging
  3308 | D:4      | Reached skill level 6 in Unarmed Combat
  3550 | D:4      | Found a burning altar of Makhleb.
  3557 | D:4      | Found an iron altar of Okawaru.
  3557 | D:4      | Found a basalt altar of Yredelemnul.
  3665 | D:4      | Became a worshipper of Warmaster Okawaru
  3741 | D:5      | Entered Level 5 of the Dungeon
  3888 | D:5      | Found Jitwun's General Store.
  3891 | D:5      | Bought a scroll of identify for 24 gold pieces
  3891 | D:5      | Bought a scroll of identify for 24 gold pieces
  3928 | D:5      | Reached skill level 1 in Invocations
  3988 | D:5      | Reached skill level 1 in Armour
  3988 | D:5      | Reached XP level 8. HP: 63/67 MP: 6/8
  4051 | D:5      | Reached * piety under Okawaru
  4062 | D:5      | Reached skill level 5 in Fighting
  4247 | D:5      | Reached skill level 7 in Unarmed Combat
  4439 | D:5      | Got encrusted steam dragon scales
  4475 | D:5      | Identified the cursed +1 steam dragon scales of Love and
                  | Death {Int+6} (You found it on level 5 of the Dungeon)
  4559 | D:5      | Found a glowing silver altar of Zin.
  4591 | D:5      | Got a spiked cloak
  4597 | D:5      | Identified the +0 cloak of Crawling {rN+++ rCorr Str-2
                  | SInv} (You found it on level 5 of the Dungeon)
  4965 | D:6      | Noticed Maggie
  4977 | D:6      | Killed Maggie
  4977 | D:6      | Reached ** piety under Okawaru
  4978 | D:6      | Reached XP level 9. HP: 56/75 MP: 10/10
  5264 | D:6      | Found a staircase to the Ecumenical Temple.
  5274 | Temple   | Entered the Ecumenical Temple
  5959 | D:7      | Reached skill level 8 in Unarmed Combat
  6005 | D:7      | Found a flagged portal.
  6098 | D:7      | Found a broken altar of Ashenzari.
  6115 | D:7      | Reached *** piety under Okawaru
  6209 | D:7      | Reached skill level 5 in Invocations
  6288 | Bailey   | Entered a bailey
  6379 | Bailey   | Noticed an orc knight
  6395 | Bailey   | Reached XP level 10. HP: 86/86 MP: 9/12
  6406 | Bailey   | Killed an orc knight
  6756 | D:8      | Noticed a gargoyle
  6769 | D:8      | Killed a gargoyle
  6770 | D:8      | Reached skill level 5 in Armour
  6770 | D:8      | Reached skill level 9 in Unarmed Combat
  6851 | D:8      | Reached **** piety under Okawaru
  7246 | D:8      | Found a sparkling altar of Nemelex Xobeh.
  8088 | D:9      | Found a staircase to the Lair.
  8241 | D:9      | Reached ***** piety under Okawaru
  8348 | D:9      | Found Votodo Exku's Gadget Shoppe.
  8431 | D:9      | Reached XP level 11. HP: 95/95 MP: 13/13
  8463 | D:9      | Reached skill level 10 in Unarmed Combat
  8539 | D:9      | Found a bloodstained altar of Trog.
  8637 | D:9      | Found a staircase to the Orcish Mines.
  8915 | D:10     | Entered Level 10 of the Dungeon
  9198 | D:10     | Noticed a frost giant
  9232 | D:10     | Noticed a cyclops
  9264 | D:10     | Found a transporter.
  9438 | D:10     | Identified the +3 ring mail of Cocytus {rN+++ Will- Regen+
                  | Dex-3}
  9439 | D:10     | Found the ring of the Tortoise {AC+8}
  9441 | D:10     | Found a transporter.
  9628 | D:11     | Received a gift from Okawaru
  9629 | D:11     | Got a warped battleaxe {god gift}
  9646 | D:10     | Identified the +2 battleaxe of Garuxerr {vorpal, +Blink
                  | +Fly} (Okawaru gifted it to you on level 11 of the Dungeon)
  9844 | D:4      | Killed bmj180's ghost
 10135 | D:10     | Killed a cyclops
 10184 | D:10     | Killed from afar by a frost giant

Illustrated notes

Levels and vault maps discovered:
D:1:      wander_arrival_lonely_grave, layout_rooms, solitary_fountain
D:2:      layout_basic, serial_co_window_serial, co_window_of_opportunity_a,
          co_window_paths_b, co_window_paths_b, co_window_cross_1,
          co_window_of_opportunity_a, co_window_paths_a, co_window_corner_a,
          co_window_corner_ca, co_window_corner_ca, co_window_of_opportunity_c,
          co_window_corner_cb, co_window_4corner_b, glass_columns_b,
          glass_columns_c, glass_columns_b, glass_columns_a, glass_columns_a,
          minmay_misc_feat_enclosed
D:3:      layout_loops_ring, lemuel_zombie_altar_kikubaaqudgha,
          gup_sewer_entry_pipe
D:4:      minmay_diamond_boxcup, layout_basic, grunt_temple_overflow_diamond,
          gammafunk_ghost_gnarly_gnolls, trog_butcher_becter
D:5:      cheibrodos_helix_gallery, layout_basic, lemuel_doored_altar,
          serial_shops, nicolae_shop_window_shopping
D:6:      layout_gridville, minmay_temple_entry_drinking_statues, uniq_maggie
D:7:      layout_cave_pools, old_standard_altar, enter_bailey_5
D:8:      layout_layer_cave, serial_undead, serial_undead_c, serial_undead_e,
          serial_undead_c, serial_undead_a, serial_undead_b, serial_undead_b,
          nemelex_diamond_rough_becter
D:9:      layout_roguey, trog_ov_bears_minmay, lair_entry_dummy, orc_0_dummy,
          serial_shops, nicolae_shop_trees
D:10:     gammafunk_the_bubble [the_bubble_gammafunk_plus_minus],
          layout_loops_cross, kennysheep_generic_room_4
D:11:     layout_stronghold, serial_shops, nicolae_shop_statue_plus
Temple:   regret_index_temple_waves

Skill      XL: |  1  2  3  4  5  6  7  8  9 10 11 |
---------------+----------------------------------+-----
Dodging        | 3 4 5 6 7 8 9 |  9.0
Fighting       | 3 4 5 7 8 9 |  9.6
Unarmed Combat | 4 5 6 7 8 9 10 | 10.7
Invocations    | 1 3 5 |  5.0
Armour         | 1 2 4 6 7 |  7.2
Throwing       | |  1.7

Action                   |  1- 3 |  4- 6 |  7- 9 | 10-12 || total
-------------------------+-------+-------+-------+-------++-------
Melee: Unarmed           |    96 |   261 |   406 |   539 ||  1302
       Punch             |     2 |     5 |    15 |    32 ||    54
Throw: Throwing net      |     1 |     1 |     1 |       ||     3
Invok: Heroism           |       |       |     7 |       ||     7
Evoke: Wand              |       |       |    28 |       ||    28
  Use: Scroll            |     4 |     5 |     2 |     8 ||    19
       Potion            |     1 |     5 |       |     2 ||     8
 Stab: Held in net/web   |       |     1 |       |       ||     1
Armor: Ring mail         |    24 |    60 |    30 |       ||   114
       Steam dragon scal |       |       |   118 |   134 ||   252
Dodge: Dodged            |    73 |   182 |   610 |   515 ||  1380

Table legend: (Time is in decaauts)
 A = Elapsed time spent in this place.
 B = Non-inter-level travel time spent in this place.
 C = Inter-level travel time spent in this place.
 D = Time resting spent in this place.
 E = Time spent auto-exploring this place.
 F = Levels seen in this place.
 G = Mean time per level.
                   A        B        C        D        E       F      G
               +--------+--------+--------+--------+--------+-----+--------+
         Total |   9975 |   9245 |    730 |    576 |   6240 |  14 |  712.5 |
       Dungeon |   9472 |   8760 |    712 |    558 |   5995 |  11 |  861.1 |
        Temple |    100 |     82 |     18 |      0 |     82 |   1 |  100.0 |
         Sewer |    181 |    181 |      0 |      0 |    114 |   1 |  181.0 |
        Bailey |    221 |    221 |      0 |     18 |     49 |   1 |  221.0 |
               +--------+--------+--------+--------+--------+-----+--------+

Top non-repeatable levels by time:
     D:8: 1267 daAuts
     D:4: 1122 daAuts
     D:5: 1114 daAuts
     D:6: 1049 daAuts
     D:2: 1014 daAuts
     D:9: 897 daAuts
     D:3: 868 daAuts
     D:1: 741 daAuts
    D:10: 666 daAuts
     D:7: 581 daAuts
  Bailey: 221 daAuts
   Sewer: 181 daAuts
    D:11: 148 daAuts
  Temple: 100 daAuts
